Map: 2000 Atmospheres LE

Players

Bly - Winner!

  • Race: Zerg Zerg

SKillous

  • Race: Protoss Protoss

Event: DreamHack SC2 Masters 2021 Fall

VOD

Have the link to the VOD?

Description

Time

  • Played on: Aug. 8, 2021, 11:49 a.m.
  • Length: 13:01

All games in this series

Show
View Real Time Build Order
Export as new Build Order

Bly Zerg - Winner!

Build Orders: 3 Hatch before Pool 

Get SALT Encoding   

  12  0:00  Drone  
  13  0:14  Overlord  
  13  0:18  Drone  
  14  0:33  Drone x2  
  16  0:48  Drone  
  17  1:00  Drone  
  17  1:02  Hatchery  
  17  1:17  Hatchery  
  16  1:21  Drone  
  17  1:27  Drone  
  18  1:33  Drone  
  19  1:50  Drone  
  19  1:51  Spawning Pool  
  19  2:02  Drone x2  
  21  2:21  Drone x2  
  23  2:33  Extractor, Drone x2  
  23  2:34  Drone  
  25  2:39  Zergling x2  
  25  2:40  Zergling x2  
  25  2:43  Queen  
  31  2:48  Zergling x4  
  33  2:51  Zergling x2  
  33  2:53  Overlord  
  33  2:55  Queen  
  34  3:05  Overlord  
  32  3:22  Zergling x4  
  32  3:24  Drone x2  
  33  3:31  Drone x4  
  36  3:37  Metabolic Boost  
  34  3:53  Hatchery  
  33  3:58  Queen  
  33  3:59  Queen  
  33  4:00  Drone x4  
  41  4:04  Overlord  
  41  4:20  Drone x2  
  43  4:26  Drone x2  
  43  4:27  Drone x2  
  43  4:30  Hatchery  
  46  4:36  Drone x2  
  49  4:39  Queen  
  48  4:49  Drone x5  
  48  4:51  Spore Crawler  
  48  4:52  Spore Crawler  
  50  4:58  Overlord  
  50  5:13  Zergling x6  
  52  5:14  Overlord x2  
  52  5:21  Hatchery  
  52  5:23  Lair  
  52  5:24  Drone x5  
  56  5:29  Queen  
  58  5:37  Drone x5  
  58  5:42  Queen  
  63  5:43  Drone  
  66  5:51  Drone x5  
  66  5:55  Extractor, Overlord  
  69  6:05  Queen  
  69  6:10  Zergling x8  
  69  6:11  Overlord  
  74  6:23  Hydralisk Den  
  74  6:24  Overlord  
  73  6:26  Overlord  
  73  6:28  Drone x8  
  73  6:29  Extractor  
  73  6:30  Extractor  
  79  6:35  Drone x4  
  83  6:43  Drone  
  83  6:44  Drone x4  
  83  6:45  Extractor  
  83  6:46  Extractor  
  86  6:47  Evolution Chamber  
  86  6:50  Drone x4  
  89  6:55  Overlord  
  89  6:56  Grooved Spines  
  89  7:01  Overlord  
  89  7:08  Drone x7  
  94  7:12  Overseer  
  94  7:21  Spore Crawler  
  93  7:25  Zerg Missile Weapons Level 1  
  93  7:28  Hydralisk  
  93  7:29  Hydralisk x9  
  111  7:41  Overlord  
  111  7:44  Baneling Nest  
  111  7:50  Extractor  
  108  7:53  Hydralisk x5  
  108  7:55  Overlord  
  118  8:09  Hydralisk  
  118  8:11  Overlord x4  
  118  8:12  Overlord  
  118  8:25  Overlord x3  
  118  8:28  Muscular Augments  
  118  8:36  Hydralisk  
  118  8:37  Hydralisk x10  
  140  8:47  Zergling x24  
  140  8:48  Centrifical Hooks  
  151  8:58  Overseer  
  151  9:03  Overlord  
  151  9:04  Zergling x16  
  159  9:22  Hydralisk x11  
  173  9:33  Overlord  
  173  9:35  Zerg Missile Weapons Level 2  
  173  9:37  Baneling x4  
  173  9:38  Zergling x16  
  178  9:41  Overlord  
  178  9:43  Overlord  
  181  9:45  Overlord  
  181  9:48  Overlord  
  172  10:06  Zergling x20  
  163  10:16  Hydralisk x4  
  163  10:17  Overlord  
  154  10:28  Zergling x16  
  160  10:38  Zergling x10  
  163  10:46  Hydralisk x9  
  151  11:05  Extractor, Hydralisk x7  
  160  11:13  Hydralisk x3  
  155  11:26  Hydralisk x3  
  147  11:40  Hatchery  
  147  11:43  Hydralisk x5  
  134  11:49  Hydralisk  
  134  11:50  Hydralisk x4  
  125  11:58  Hydralisk x4  
  129  12:06  Infestation Pit  
  128  12:11  Hydralisk  
  128  12:12  Hydralisk x4  
  138  12:20  Zergling x4  
  138  12:21  Zergling x6  
  143  12:30  Spore Crawler x2  
  143  12:31  Spore Crawler x2  
  143  12:32  Spore Crawler  
  143  12:34  Spore Crawler  
  143  12:35  Spore Crawler x2  
  143  12:37  Spore Crawler  
  134  12:39  Spore Crawler x2  
Show
View Real Time Build Order
Export as new Build Order

SKillous Protoss 

Build Orders: Oracle Opening 

Get SALT Encoding   

  12  0:00  Probe  
  13  0:12  Probe  
  14  0:19  Pylon  
  14  0:24  Probe (Chrono Boost)  
  15  0:37  Probe (Chrono Boost)  
  15  0:40  Gateway  
  16  0:45  Probe (Chrono Boost)  
  16  0:49  Assimilator  
  17  0:52  Probe  
  18  1:04  Probe  
  19  1:16  Probe  
  20  1:23  Forge  
  20  1:29  Cybernetics Core  
  20  1:34  Pylon  
  20  1:39  Pylon  
  20  1:48  Probe  
  20  1:54  Gateway  
  21  1:58  Photon Cannon  
  21  2:06  Photon Cannon  
  21  2:13  Probe  
  22  2:16  Stargate  
  22  2:19  Assimilator  
  22  2:21  Pylon  
  22  2:22  Adept (Chrono Boost)  
  22  2:25  Probe  
  25  2:37  Probe  
  25  2:42  Adept (Chrono Boost)  
  26  2:50  Probe  
  29  3:04  Probe  
  30  3:07  Void Ray (Chrono Boost)  
  33  3:17  Probe  
  33  3:29  Probe  
  32  3:40  Pylon  
  32  3:43  Oracle  
  35  3:52  Probe  
  36  4:05  Nexus  
  36  4:07  Probe  
  37  4:12  Protoss Air Weapons Level 1  
  37  4:14  Pylon  
  37  4:19  Probe (Chrono Boost)  
  38  4:28  Assimilator  
  38  4:29  Probe (Chrono Boost)  
  38  4:30  Assimilator  
  39  4:34  Stargate  
  39  4:35  Probe (Chrono Boost)  
  40  4:51  Probe  
  41  4:58  Void Ray (Chrono Boost)  
  45  5:03  Probe  
  46  5:09  Void Ray (Chrono Boost)  
  46  5:15  Probe  
  46  5:18  Probe  
  52  5:28  Probe (Chrono Boost)  
  53  5:33  Void Ray (Chrono Boost)  
  53  5:34  Probe (Chrono Boost)  
  54  5:40  Probe (Chrono Boost)  
  59  5:46  Probe x2 (Chrono Boost)  
  59  5:47  Robotics Facility  
  61  5:53  Pylon  
  61  5:55  Probe  
  62  6:05  Void Ray  
  62  6:11  Probe x2  
  68  6:20  Nexus  
  68  6:24  Pylon  
  68  6:26  Probe  
  68  6:28  Probe  
  70  6:35  Robotics Bay  
  70  6:38  Robotics Facility  
  70  6:42  Probe  
  70  6:43  Probe  
  72  6:48  Shield Battery  
  76  6:54  Probe  
  76  6:55  Probe  
  76  6:58  Pylon  
  73  7:07  Warp Gate, Probe x2 (Chrono Boost)  
  75  7:13  Void Ray x2  
  75  7:19  Probe x2 (Chrono Boost)  
  85  7:23  Gateway  
  85  7:25  Probe (Chrono Boost)  
  86  7:31  Disruptor  
  86  7:32  Probe (Chrono Boost)  
  86  7:33  Probe (Chrono Boost)  
  92  7:38  Probe (Chrono Boost)  
  92  7:39  Disruptor  
  92  7:42  Probe (Chrono Boost)  
  92  7:43  Pylon  
  97  7:45  Probe (Chrono Boost)  
  97  7:47  Probe x2 (Chrono Boost)  
  97  7:50  Assimilator  
  98  7:53  Probe  
  98  7:55  Void Ray  
  98  7:56  Pylon, Void Ray  
  99  8:05  Assimilator  
  107  8:07  Pylon  
  107  8:14  Disruptor  
  107  8:17  Disruptor  
  113  8:25  Probe  
  114  8:29  Photon Cannon  
  114  8:32  Void Ray  
  114  8:33  Photon Cannon  
  114  8:36  Photon Cannon  
  114  8:39  Probe  
  119  8:46  Pylon  
  119  8:53  Fleet Beacon  
  119  8:54  Stargate  
  119  9:07  Pylon  
  119  9:10  Gateway  
  119  9:12  Photon Cannon, Gateway  
  119  9:16  Photon Cannon  
  117  9:19  Photon Cannon  
  117  9:20  Shield Battery  
  117  9:27  Probe  
  118  9:37  Pylon  
  118  9:38  Carrier (Chrono Boost)  
  130  9:42  Pylon  
  130  9:43  Pylon  
  130  9:44  Pylon  
  130  9:47  Pylon  
  130  9:49  Zealot  
  130  9:50  Shield Battery  
  132  9:56  Carrier (Chrono Boost)  
  101  10:36  Carrier (Chrono Boost)  
  101  10:40  Zealot x2  
  100  10:58  Probe  
  100  11:03  Carrier (Chrono Boost)  
  107  11:25  Carrier (Chrono Boost)  
  102  12:08  Pylon, Nexus  
  102  12:16  Pylon  
  99  12:27  Cybernetics Core  
  99  12:35  Pylon  

Tags
 
Add a new tag
Caveats
  • Supply blocks, unpowered buildings, or Contaminate may cause inaccurate times.
  • Supply counts are checked every 10 seconds.